 Dungeon Crawl Stone Soup version 0.31-a0-210-gccc998df9b (webtiles) character file.

Game seed: 5476290544067423605

347 qw the Shooter (level 6, -3/51 HPs)
             Began as a Minotaur Hexslinger on June 29, 2023.
             Slain by a killer bee (8 damage)
             ... on level 4 of the Dungeon.
             The game lasted 00:01:13 (3112 turns).

qw the Shooter (Minotaur Hexslinger)                Turns: 3112, Time: 00:01:14

Health: -3/51      AC:  6    Str: 13    XL:     6   Next: 32%
Magic:  6/6        EV: 11    Int: 10    God:
Gold:   200        SH:  0    Dex: 14    Spells: 6/7 levels left

rFire   + . .        Y - +1 sling
rCold   . . .        (no shield)
rNeg    . . .        p - +1 ring mail {Will+}
rPois   .            (helmet restricted)
rElec   .            (no cloak)
rCorr   .            (no gloves)
SInv    .            (no boots)
Will    +....        (no amulet)
Stlth   +            n - ring of protection from fire
HPRegen 0.28/turn    (no ring)
MPRegen 0.10/turn

%: no passive effects
@: lethally poisoned (-3 -> -10), about to teleport
A: horns 2, retaliatory headbutt
a: no special abilities


You were on level 4 of the Dungeon.
You visited 1 branch of the dungeon, and saw 4 of its levels.

You collected 200 gold pieces.


Innate Abilities, Weirdness & Mutations

You have a pair of horns on your head.
You reflexively headbutt those who attack you in melee.


   Skills:
 - Level 3.0 Fighting
 + Level 5.5 Ranged Weapons
 - Level 4.3 Armour
 - Level 2.1 Dodging
 - Level 1.0 Spellcasting
 - Level 2.0 Hexes


You had 6 spell levels left.
You knew the following spells:

 Your Spells              Type           Power      Damage    Failure   Level
a - Slow                  Hex            16%        N/A       30%         1

Your spell library contained the following spells:

 Spells                   Type           Power      Damage    Failure   Level
 Inner Flame              Hex/Fire       2%         N/A       80%         3
 Portal Projectile        Hex/Tloc       4%         N/A       80%         3
 Cause Fear               Hex            2%         N/A       96%         4

Inventory:

Hand Weapons
 Y - a +1 sling (weapon)
Armour
 d - the +1 ring mail "Hajoefya" {rF- rN+ Int+6}
   (You found it on level 2 of the Dungeon)

   Int:       It affects your intelligence (+6).
   rF:        It makes you vulnerable to fire.
   rN:        It protects you from negative energy.
 f - a +0 leather armour of fire resistance
 p - a +1 ring mail of willpower (worn)
Jewellery
 n - a ring of protection from fire (left hand)
 r - a +5 ring of evasion
Scrolls
 l - a scroll of teleportation
 m - 2 scrolls of identify
Potions
 a - a potion of might {unknown}
 b - a potion of brilliance {unknown}
 c - a potion of magic {unknown}
 e - a potion of experience {unknown}
 g - a potion of enlightenment {unknown}
 h - a potion of curing
 i - a potion of mutation {unknown}
 j - a potion of cancellation
 k - a potion of invisibility {unknown}
 o - a potion of heal wounds {unknown}
 q - a potion of attraction {unknown}

Dungeon Overview and Level Annotations

Branches:
Dungeon (4/15)
 Temple: D:4-7

Altars:

Shops:
D:1 [

Annotations:
D:2 1 runed translucent door, Crazy Yiuf


Message History

You shoot a sling bullet.
The sling bullet closely misses the killer bee.
An orc comes into view. It is wielding a +0 mace.
You shoot a sling bullet. The sling bullet misses the killer bee.
The sling bullet hits the killer bee.
The killer bee is moderately wounded.
The killer bee stings you. The killer bee closely misses you. x2
You shoot a sling bullet.
The sling bullet barely misses the killer bee.
The killer bee barely misses you. The killer bee closely misses you.
The killer bee misses you. The killer bee stings you.
An orc comes into view. It is wielding a +0 club.
You shoot a sling bullet. The sling bullet hits the killer bee.
The killer bee is severely wounded.
The killer bee misses you. The killer bee stings you.
The killer bee stings you! The killer bee completely misses you.
The killer bee stings you. The killer bee barely misses you.
You shoot a sling bullet. The sling bullet hits the killer bee.
The killer bee is almost dead.
The killer bee stings you.
You are poisoned.
The killer bee poisons you! The killer bee barely misses you.
The killer bee misses you. The killer bee stings you.
You are more poisoned.
The killer bee poisons you!
You shoot a sling bullet.
The sling bullet barely misses the killer bee.
You feel very sick. The killer bee stings you.
The killer bee closely misses you. The killer bee completely misses you.
The killer bee barely misses you. The killer bee stings you.
An orc comes into view. It is wielding a +0 trident.
The killer bee stings you.
3112 ||| READING 2 scrolls of teleportation.
As you read the scroll of teleportation, it crumbles to dust.
You feel strangely unstable.
You feel very sick.
The orc shouts!
The killer bee stings you!
You die...

##.....# .#.###.###
...##....# ##.#####.#
##.#####.######
......##......##
....#...###.#..##
###.#...###.#...##
###.#.....>...#.@#
....#...########yy#
.......)..... oy...$
............. ..o....#
.....#.............$.#
.##########..........#
.# ..........# .#
#.......[.o# .#


You could see 3 killer bees and 3 orcs.

Vanquished Creatures
  Sigmund (D:3)
  A scorpion (D:4)
  4 adders
  2 dart slugs (D:3)
  6 orcs (D:4)
  10 bats
  5 endoplasms
  3 giant cockroaches
  7 goblins
  7 hobgoblins
  9 jackals
  7 kobolds
  4 quokkas
  3 ball pythons
  5 frilled lizards
  10 rats
84 creatures vanquished.

Notes
Turn   | Place    | Note
-------+----------+-------------------------------------------
     0 | D:1      | qw the Minotaur Hexslinger began the quest for the Orb.
     0 | D:1      | Reached XP level 1. HP: 16/16 MP: 1/1
     0 | D:1      | 0 ||| qw: Version: 0.3-a-24-ga2abf7b
     0 | D:1      | 0 ||| qw: Game counter: 6878
     0 | D:1      | 0 ||| qw: Melee chars always use a shield: true
     0 | D:1      | 0 ||| qw: God list: Okawaru
     0 | D:1      | 0 ||| qw: Allow faded altars: false
     0 | D:1      | 0 ||| qw: Do Orc after clearing Dungeon:15 true
     0 | D:1      | 0 ||| qw: Do second Lair branch before Depths: true
     0 | D:1      | 0 ||| qw: Lair rune preference: random
     0 | D:1      | 0 ||| qw: Goals: Normal
     0 | D:1      | 0 ||| PLANNING D:1-11
    27 | D:1      | Found a faded altar of an unknown god.
    74 | D:1      | Reached skill level 3 in Ranged Weapons
    75 | D:1      | Reached XP level 2. HP: 22/23 MP: 2/2
   334 | D:1      | 334 ||| FLEEEEING.
   336 | D:1      | 336 ||| FLEEEEING.
   337 | D:1      | 337 ||| FLEEEEING.
   338 | D:1      | 338 ||| FLEEEEING.
   339 | D:1      | 339 ||| FLEEEEING.
   340 | D:1      | 340 ||| FLEEEEING.
   341 | D:1      | 341 ||| FLEEEEING.
   342 | D:1      | 342 ||| FLEEEEING.
   343 | D:1      | 343 ||| FLEEEEING.
   344 | D:1      | 344 ||| FLEEEEING.
   345 | D:1      | 345 ||| FLEEEEING.
   346 | D:1      | 346 ||| FLEEEEING.
   347 | D:1      | 347 ||| FLEEEEING.
   348 | D:1      | 348 ||| FLEEEEING.
   349 | D:1      | 349 ||| FLEEEEING.
   350 | D:1      | 350 ||| FLEEEEING.
   351 | D:1      | 351 ||| FLEEEEING.
   352 | D:1      | 352 ||| FLEEEEING.
   353 | D:1      | 353 ||| FLEEEEING.
   354 | D:1      | 354 ||| FLEEEEING.
   355 | D:1      | 355 ||| FLEEEEING.
   408 | D:1      | Found Feupih's Armour Boutique.
   426 | D:1      | Reached XP level 3. HP: 29/29 MP: 3/3
   554 | D:1      | 554 ||| SHOPLISTING +0 leather armour "Mook" {rF+ Will+
                  | Stlth+} (341 gold, have 26).
   554 | D:1      | 554 ||| SHOPLISTING +0 pair of gloves (63 gold, have 26).
   554 | D:1      | 554 ||| SHOPLISTING +0 ring mail (56 gold, have 26).
   554 | D:1      | 554 ||| SHOPLISTING +1 robe of cold resistance (177 gold,
                  | have 26).
   554 | D:1      | 554 ||| UPGRADING to +0 leather armour of fire resistance.
   564 | D:1      | 564 ||| DROPPING +0 robe.
   565 | D:1      | 565 ||| READING scroll labelled PIVAKE DEDEUC.
   566 | D:1      | 566 ||| DROPPING scroll of poison.
   647 | D:2      | Reached skill level 4 in Ranged Weapons
   737 | D:2      | Reached XP level 4. HP: 28/36 MP: 4/4
   796 | D:2      | Identified the +1 ring mail "Hajoefya" {rF- rN+ Int+6}
  1212 | D:2      | Found a runed translucent door.
  1213 | D:2      | Noticed Crazy Yiuf
  1385 | D:2      | 1385 ||| READING scroll labelled XYRIAF PYXEES.
  1521 | D:3      | Reached skill level 5 in Ranged Weapons
  2109 | D:3      | Noticed Sigmund
  2118 | D:3      | 2118 ||| STAIRDANCE
  2193 | D:2      | 2193 ||| UPGRADING to +1 ring mail of willpower.
  2203 | D:2      | 2203 ||| UPGRADING to ring of protection from fire.
  2204 | D:2      | 2204 ||| READING 3 scrolls labelled NOV ULLASENG.
  2248 | D:2      | 2248 ||| READING scroll labelled DIUDAN JEFU.
  2249 | D:2      | 2249 ||| READING scroll labelled ZELAEH XEBEN.
  2250 | D:2      | 2250 ||| READING scroll labelled SYFIAH UTISYC.
  2251 | D:2      | 2251 ||| DRINKING 2 cyan potions.
  2252 | D:2      | 2252 ||| DRINKING 2 smoky red potions.
  2365 | D:3      | Killed Sigmund
  2366 | D:3      | Reached XP level 5. HP: 28/42 MP: 5/5
  2467 | D:4      | Reached XP level 6. HP: 50/50 MP: 6/6
  2799 | D:4      | Reached skill level 3 in Fighting
  3111 | D:4      | HP: 12/51 [killer bee (1)]
  3112 | D:4      | 3112 ||| READING 2 scrolls of teleportation.
  3112 | D:4      | HP: 5/51 [poisoned by a killer bee]
  3112 | D:4      | Slain by a killer bee

Levels and vault maps discovered:
D:1:      dpeg_arrival_line_fractal, layout_rooms, serial_shops,
          nicolae_shop_window_shopping, hellmonk_ecumenical_altar_run_dry
D:2:      layout_loops_ring, minmay_circle_x, uniq_crazy_yiuf_cottage
D:3:      layout_basic, uniq_sigmund
D:4:      kennysheep_big_flooded_room, layout_basic

Skill      XL: |  1  2  3  4  5  6 |
---------------+-------------------+-----
Ranged Weapons | 3 4 5 |  5.5
Fighting       | 2 3 |  3.0
Armour         | 4 |  4.3
Dodging        | |  2.1
Spellcasting   | |  1.0
Hexes          | |  2.0

Action                     |  1- 3 |  4- 6 || total
---------------------------+-------+-------++-------
   Fire: Sling             |   110 |   163 ||   273
    Use: Scroll            |     1 |     6 ||     7
         Potion            |       |     2 ||     2
 Armour: Robe              |     4 |       ||     4
         Leather armour    |     3 |    11 ||    14
         Ring mail         |       |     7 ||     7
  Dodge: Dodged            |    28 |    61 ||    89

Table legend:
 A = Non-vault XP
 B = Vault XP
 C = Vault XP percentage of total XP
 D = Non-vault monster count
 E = Vault monster count
 F = Vault count percentage of total count
                 A         B        C        D         E       F
            +---------+---------+-------+---------+---------+-------
      Total |     262 |     234 |  47.2 |      78 |       6 |   7.1
            +---------+---------+-------+---------+---------+-------
        D:1 |      51 |       0 |   0.0 |      32 |       0 |   0.0
        D:2 |      40 |      20 |  33.3 |      16 |       5 |  23.8
        D:3 |      53 |     214 |  80.1 |      16 |       1 |   5.9
        D:4 |     118 |       0 |   0.0 |      14 |       0 |   0.0
            +---------+---------+-------+---------+---------+-------
